 Dungeon Crawl Stone Soup version 0.29-a0-221-gceb61267dd (webtiles) character file.

Game seed: 9245921401938562883

85 Sweetruy1997 the Chopper (level 4, -2/40 HPs)
             Began as a Minotaur Berserker on Feb 26, 2022.
             Was a Believer of Trog.
             Slain by a gnoll
             ... wielding a +0 spear
              (5 damage)
             ... on level 2 of the Dungeon.
             The game lasted 00:03:31 (984 turns).

Sweetruy1997 the Chopper (Minotaur Berserker)        Turns: 984, Time: 00:03:32

Health: -2/40      AC:  2    Str: 21    XL:     4   Next: 25%
Magic:  3/3        EV: 12    Int:  4    God:    Trog [**....]
Gold:   14         SH:  0    Dex: 12    Spells: 3/3 levels left

rFire   . . .      SeeInvis .   a - +0 hand axe
rCold   . . .      Faith    .   (no shield)
rNeg    . . .      Spirit   .   b - +0 animal skin
rPois   .          Reflect  .   (helmet restricted)
rElec   .          Harm     .   (no cloak)
rCorr   .          Rampage  .   (no gloves)
Will    ++...                   (no boots)
Stlth   +.........              (no amulet)
HPRegen 1.13/turn               (no ring)
MPRegen 0.08/turn               (no ring)

@: strong-willed, on berserk cooldown, regenerating, slowed, very slow
A: horns 2, retaliatory headbutt
a: Renounce Religion, Berserk, Trog's Hand


You were on level 2 of the Dungeon.
You worshipped Trog.
Trog was pleased with you.
You visited 1 branch of the dungeon, and saw 2 of its levels.

You collected 14 gold pieces.

Inventory:

Hand Weapons
 a - a +0 hand axe (weapon)
Armour
 b - a +0 animal skin (worn)
Scrolls
 c - 2 scrolls of identify {unknown}
 d - a scroll of amnesia {unknown}
 e - a scroll of immolation {unknown}
 i - a scroll of summoning {unknown}
Potions
 f - a potion of cancellation {unknown}
 g - a potion of lignification {unknown}
 h - a potion of heal wounds {unknown}


   Skills:
 - Level 4.0 Fighting
 + Level 5.3 Axes
 + Level 2.9 Armour
 + Level 2.8 Dodging
 + Level 0.1 Stealth


You had 3 spell levels left.
You didn't know any spells.
Your spell library was empty.

Dungeon Overview and Level Annotations

Branches:
Dungeon (2/15)

Altars:

Shops:
D:1 =![(!


Innate Abilities, Weirdness & Mutations

You have a pair of horns on your head.
You reflexively headbutt those who attack you in melee.


Message History

You closely miss the hobgoblin. You hit the hobgoblin.
You kill the hobgoblin!
Trog accepts your kill.
You have reached level 4!
You feel agile. The hobgoblin barely misses you.
You see here a +0 club.
You slash the hobgoblin!
You kill the hobgoblin!
Trog accepts your kill.
You slash the orc!
You kill the orc!
Trog accepts your kill.
A goblin comes into view. It is wielding a +0 dagger.
The goblin shouts!
The gnoll barely misses you.
Found a pink potion.
You feel a strong urge to attack something.
The gnoll barely misses you.
You closely miss the gnoll. The gnoll barely misses you. x2
A gnoll comes into view. It is wielding a +0 spear.
The gnoll hits you with a +0 whip.
You slash the gnoll! You headbutt the gnoll.
You kill the gnoll!
Trog accepts your kill.
You hit the gnoll. You hit the gnoll.
The gnoll is severely wounded.
You are no longer berserk.
You are exhausted.
You feel yourself slow down. The gnoll barely misses you.
The gnoll hits you with a +0 whip.
* * * LOW HITPOINT WARNING * * *
Your skin crawls.
You feel strong-willed.
The gnoll hits you from afar with a +0 spear.
* * * LOW HITPOINT WARNING * * *
The gnoll barely misses you.
The gnoll hits you from afar with a +0 spear.
You die...

#........#
#........#
#........#
#........#
#........+
#..).....# #
#..))....#.
#####g#.g.).......
......)@g..###....
.............####8
.!.........#..#
#####+###..##..#
#..# .... #..# ..8
##.# .. .#


You could see 2 gnolls and a goblin.

Vanquished Creatures
  4 gnolls (D:2)
  An orc (D:2)
  3 ball pythons (D:1)
  5 bats (D:1)
  4 endoplasms (D:1)
  4 giant cockroaches (D:1)
  4 goblins (D:1)
  3 hobgoblins
  4 jackals (D:1)
  A quokka (D:1)
  2 frilled lizards (D:1)
  2 kobolds (D:1)
  2 rats (D:1)
39 creatures vanquished.

Notes
Turn   | Place    | Note
-------+----------+-------------------------------------------
     0 | D:1      | Sweetruy1997 the Minotaur Berserker began the quest for the
                  | Orb.
     0 | D:1      | Reached XP level 1. HP: 19/19 MP: 0/0
    96 | D:1      | Reached skill level 4 in Axes
    96 | D:1      | Reached XP level 2. HP: 23/27 MP: 1/1
   168 | D:1      | Found Otemenk's Weapon Emporium.
   181 | D:1      | Found Fyigg's Antique Armour Boutique.
   351 | D:1      | Found Giump's Jewellery Shop.
   550 | D:1      | Found Cyocomn's Distillery.
   552 | D:1      | Reached XP level 3. HP: 33/33 MP: 2/2
   562 | D:1      | Reached ** piety under Trog
   590 | D:1      | Found Raeqebbo's Distillery.
   970 | D:2      | Reached skill level 5 in Axes
   976 | D:2      | Reached XP level 4. HP: 23/40 MP: 3/3
   984 | D:2      | Slain by a gnoll

Illustrated notes

Levels and vault maps discovered:
D:1:      lightli_molten_gateway, layout_loops_ring, serial_shops,
          nicolae_shop_waterfront, nicolae_shop_statue_plus, shop, shop, shop,
          nicolae_concentric_dashed_squares_wild, hex_medium
D:2:      layout_basic, shapermc_ecumenical_altar_pompeii,
          guppyfry_early_orc_mine

Skill      XL: |  1  2  3 |
---------------+----------+-----
Axes           | 4 5 |  5.3
Fighting       | 4 |  4.0
Armour         | |  2.9
Dodging        | |  2.8
Stealth        | |  0.1

Action                   |  1- 3 |  4- 6 || total
-------------------------+-------+-------++-------
Melee: Hand axe          |    67 |     4 ||    71
       Headbutt          |    11 |     1 ||    12
Invok: Berserk           |     1 |       ||     1
       Trog's Hand       |       |     1 ||     1
Armor: Animal skin       |    11 |       ||    11
Dodge: Dodged            |    43 |     7 ||    50

Table legend: (Time is in decaauts)
 A = Elapsed time spent in this place.
 B = Non-inter-level travel time spent in this place.
 C = Inter-level travel time spent in this place.
 D = Time resting spent in this place.
 E = Time spent auto-exploring this place.
 F = Levels seen in this place.
 G = Mean time per level.
                   A        B        C        D        E       F      G
               +--------+--------+--------+--------+--------+-----+--------+
         Total |    986 |    972 |     14 |      0 |    791 |   2 |  493.0 |
       Dungeon |    986 |    972 |     14 |      0 |    791 |   2 |  493.0 |
               +--------+--------+--------+--------+--------+-----+--------+

Top non-repeatable levels by time:
     D:1: 968 daAuts
     D:2: 18 daAuts
